 Dungeon Crawl Stone Soup version 0.26-a0-466-g989023bd0d (webtiles) character file.

Game seed: 9934834158376169509

173 kae the Ruffian (level 5, -3/41 HPs)
             Began as a Demonspawn Gladiator on Aug 7, 2020.
             Was an Initiate of Ru.
             Slain by a wyvern zombie (7 damage)
             ... on level 6 of the Dungeon.
             The game lasted 00:02:47 (2655 turns).

kae the Ruffian (Demonspawn Gladiator)              Turns: 2655, Time: 00:02:48

Health: -3/41      AC: 10    Str: 16      XL:     5   Next: 28%
Magic:  5/5        EV:  5    Int: 10 (11) God:    Ru [......]
Gold:   108        SH:  0    Dex: 15 (16) Spells: 4/4 levels left

rFire    . . .     SeeInvis .     - Unarmed
rCold    . . .     Faith    .   (no shield)
rNeg     . . .     Spirit   .   h - +0 plate armour (curse)
rPois    .         Reflect  .   (helmet restricted)
rElec    .         Harm     .   (no cloak)
rCorr    .                      (no gloves)
MR       .....                  (no boots)
Stlth    ..........             (no amulet)
HPRegen  0.13/turn              (no ring)
MPRegen  0.09/turn              (no ring)

@: no status effects
A: horns 2, agile 1, clever 1, rot immunity, no stealth, MP-powered wands
a: Renounce Religion


You were on level 6 of the Dungeon.
You worshipped Ru.
Ru was noncommittal.
You visited 1 branch of the dungeon, and saw 4 of its levels.

You collected 108 gold pieces.

Inventory:

Missiles
 c - 3 throwing nets (quivered)
Armour
 a - a +0 leather armour
 b - a +0 helmet
 h - a cursed +0 plate armour (worn)
Scrolls
 d - a scroll of remove curse {unknown}
Potions
 f - a potion of lignification
 j - a potion of haste
 k - a potion of degeneration


   Skills:
 + Level 3.5 Fighting
 - Level 1.7 Throwing
 - Level 2.6 Dodging
 * Level 4.7 Unarmed Combat


You had 4 spell levels left.
You didn't know any spells.
Your spell library was empty.

Dungeon Overview and Level Annotations

Branches:
Dungeon (3/15)

Altars:
Kikubaaqudgha
Ru
Wu Jian


Innate Abilities, Weirdness & Mutations

You have a pair of horns on your head.
You are immune to rotting.
You cannot be stealthy.
You are agile. (Dex +2)
Your mind is acute. (Int +2)
You expend magic power (3 MP) to strengthen your wands.


Message History

The wyvern zombie bites you but does no damage. x2
You hit the wyvern zombie but do no damage.
The wyvern zombie is almost destroyed.
The wyvern zombie barely misses you.
You barely miss the wyvern zombie.
The wyvern zombie is almost destroyed.
The wyvern zombie bites you.
Your plate armour prevents you from hitting the wyvern zombie.
The wyvern zombie is almost destroyed.
The wyvern zombie bites you!
* * * LOW HITPOINT WARNING * * *
You hit the wyvern zombie but do no damage.
The wyvern zombie is almost destroyed.
The wyvern zombie bites you.
* * * LOW HITPOINT WARNING * * *
You hit the wyvern zombie. Your headbutt misses the wyvern zombie.
The wyvern zombie is almost destroyed.
The wyvern zombie bites you but does no damage.
The wyvern zombie bites you!
You die...

#+## ## ....# ##.
....##.. .. ....... ..#
#....# ...#
##....####...#
..#...Z...#..... ....
#@.....# .
##....####....##..
....#..............
....#....##........
.........##.......#
...................#
......≈....≈............#
........................#
.......≈≈..............+


You could see a wyvern zombie.

Vanquished Creatures
  An orc wizard (D:3)
  A worker ant zombie (D:6)
  2 gnolls (D:1)
  2 adders (D:3)
  An ooze (D:2)
  3 worms
  4 dart slugs
  2 leopard geckos
  4 orcs (D:3)
  5 giant cockroaches
  6 goblins
  5 hobgoblins
  6 jackals
  2 quokkas (D:2)
  A ball python (D:2)
  6 bats
  5 frilled lizards
  5 kobolds
  A leopard gecko skeleton (D:3)
  10 rats
72 creatures vanquished.

Vanquished Creatures (others)
  A human (D:2)
1 creature vanquished.

Grand Total: 73 creatures vanquished

Notes
Turn   | Place    | Note
-------+----------+-------------------------------------------
     0 | D:1      | kae the Demonspawn Gladiator began the quest for the Orb.
     0 | D:1      | Reached XP level 1. HP: 16/16 MP: 1/1
   290 | D:2      | Gained mutation: Your mind is acute. (Int +2) [potion of
                  | mutation]
   290 | D:2      | Gained mutation: You expend magic power (3 MP) to
                  | strengthen your wands. [potion of mutation]
   290 | D:2      | Gained mutation: You are agile. (Dex +2) [potion of
                  | mutation]
   302 | D:2      | Reached skill level 3 in Unarmed Combat
   302 | D:2      | Gained mutation: You have a pair of small horns on your
                  | head. [demonic ancestry]
   302 | D:2      | Reached XP level 2. HP: 4/22 MP: 2/2
   604 | D:2      | Found a sacrificial altar of Ru.
   703 | D:2      | Became a worshipper of Ru the Awakened
   773 | D:2      | Reached XP level 3. HP: 28/28 MP: 3/3
  1045 | D:2      | Found an ancient bone altar of Kikubaaqudgha.
  1046 | D:2      | Noticed a human
  1048 | D:2      | Killed a human
  1337 | D:2      | Found an ornate altar of the Wu Jian Council.
  1475 | D:1      | Reached skill level 4 in Unarmed Combat
  1475 | D:1      | Gained mutation: You have a pair of horns on your head.
                  | [demonic ancestry]
  1475 | D:1      | Reached XP level 4. HP: 32/34 MP: 4/4
  2093 | D:3      | Gained mutation: You cannot be stealthy. [Ru sacrifice]
  2124 | D:3      | Gained mutation: You are immune to rotting. [demonic
                  | ancestry]
  2124 | D:3      | Reached XP level 5. HP: 17/41 MP: 5/5
  2459 | D:3      | You fall into a shaft and drop 3 floors!
  2655 | D:6      | Slain by a wyvern zombie

Illustrated notes

Levels and vault maps discovered:
D:1:      lightli_arrival_lavapool, layout_rooms
D:2:      layout_loops_cross, nicolae_ru_sacrificial_ziggurat,
          marbit_many_paths, tgw_kikubaaqudgha
D:3:      layout_basic, chequers_ecumenical_altar_twisty, grunt_decor_one_mirror
D:6:      wad_guarded_room, layout_gridville, lemuel_crystal_altar,
          old_standard_altar, nicolae_overflow_hidden_temple,
          minmay_temple_entry_statues_fountains, serial_shops, shop,
          skrybe_limestone_x

Skill      XL: |  1  2  3  4 |
---------------+-------------+-----
Unarmed Combat | 3 4 |  4.7
Fighting       | 3 |  3.5
Throwing       | |  1.7
Dodging        | |  2.6

Action                   |  1- 3 |  4- 6 || total
-------------------------+-------+-------++-------
Melee: Unarmed           |   133 |   121 ||   254
       Headbutt          |    16 |    12 ||    28
       Punch             |       |     2 ||     2
Invok: Sacrifice Stealth |       |     1 ||     1
  Use: Potion            |     2 |     4 ||     6
       Scroll            |       |     4 ||     4
Armor: Leather armour    |    15 |       ||    15
       Skin              |     3 |    11 ||    14
       Plate armour      |    27 |    66 ||    93
Dodge: Dodged            |    64 |    26 ||    90

Table legend: (Time is in decaauts)
 A = Elapsed time spent in this place.
 B = Non-inter-level travel time spent in this place.
 C = Inter-level travel time spent in this place.
 D = Time resting spent in this place.
 E = Time spent auto-exploring this place.
 F = Levels seen in this place.
 G = Mean time per level.
                   A        B        C        D        E       F      G
               +--------+--------+--------+--------+--------+-----+--------+
         Total |   2636 |   2521 |    115 |    535 |   1495 |   4 |  659.0 |
       Dungeon |   2636 |   2521 |    115 |    535 |   1495 |   4 |  659.0 |
               +--------+--------+--------+--------+--------+-----+--------+

Top non-repeatable levels by time:
     D:2: 1207 daAuts
     D:1: 794 daAuts
     D:3: 440 daAuts
     D:6: 194 daAuts
